 Dungeon Crawl Stone Soup version 0.31-a0-210-gccc998df9b (webtiles) character file.

Game seed: 460646343786807697

1309 qw the Skirmisher (level 8, -3/70 HPs)
             Began as a Minotaur Hexslinger on June 29, 2023.
             Was an Initiate of Okawaru.
             Slain by an iguana (4 damage)
             ... on level 6 of the Dungeon.
             The game lasted 00:01:48 (3587 turns).

qw the Skirmisher (Minotaur Hexslinger)             Turns: 3587, Time: 00:01:48

Health: -3/70      AC:  5    Str: 14    XL:     8   Next: 32%
Magic:  8/8        EV: 13    Int: 10    God:    Okawaru [......]
Gold:   326        SH:  0    Dex: 14    Spells: 8/9 levels left

rFire   + . .        Y - +1 sling (drain)
rCold   . . .        (no shield)
rNeg    . . .        i - +0 leather armour {rF+}
rPois   .            (helmet restricted)
rElec   .            g - +0 cloak
rCorr   .            h - +0 pair of gloves
SInv    .            (no boots)
Will    .....        a - amulet of faith
Stlth   +            (no ring)
HPRegen 0.31/turn    (no ring)
MPRegen 0.11/turn

%: faith
@: about to teleport
A: horns 2, retaliatory headbutt
a: Renounce Religion


You were on level 6 of the Dungeon.
You worshipped Okawaru.
Okawaru was noncommittal.
You visited 2 branches of the dungeon, and saw 7 of its levels.

You collected 326 gold pieces.


Innate Abilities, Weirdness & Mutations

You have a pair of horns on your head.
You reflexively headbutt those who attack you in melee.


   Skills:
 + Level 5.9 Fighting
 - Level 9.0 Ranged Weapons
 - Level 2.4 Armour
 - Level 3.9 Dodging
 - Level 1.0 Spellcasting
 - Level 2.0 Hexes


You had 8 spell levels left.
You knew the following spells:

 Your Spells              Type           Power      Damage    Failure   Level
a - Slow                  Hex            16%        N/A       19%         1

Your spell library contained the following spells:

 Spells                   Type           Power      Damage    Failure   Level
 Inner Flame              Hex/Fire       2%         N/A       63%         3
 Portal Projectile        Hex/Tloc       4%         N/A       63%         3
 Cause Fear               Hex            2%         N/A       88%         4

Inventory:

Hand Weapons
 Y - a +1 sling of draining (weapon)
Armour
 f - a +0 ring mail
 g - a +0 cloak (worn)
 h - a +0 pair of gloves (worn)
 i - a +0 leather armour of fire resistance (worn)
Jewellery
 a - an amulet of faith (around neck)
Scrolls
 c - a scroll of identify
 k - a scroll of teleportation
Potions
 b - a potion of might
 d - a potion of curing
 e - a potion of mutation
 l - a potion of enlightenment
 n - a potion of lignification {unknown}

Dungeon Overview and Level Annotations

Branches:
Dungeon (6/15)             Temple (1/1) D:5

Altars:
Ashenzari
Dithmenos
Elyvilon
Fedhas
Hepliaklqana
Kikubaaqudgha
Nemelex Xobeh
Okawaru
Qazlal
Ru
Sif Muna
Trog
Uskayaw
Yredelemnul
Zin
The Shining One

Annotations:
D:3 1 runed translucent door, Crazy Yiuf


Message History

The gnoll hits you with a +0 whip. The gnoll completely misses you.
You shoot a sling bullet. The sling bullet hits the gnoll.
The gnoll is almost dead.
The gnoll is no longer moving quickly.
The gnoll bouda barks out a call to the hunt!
The gnoll picks up the pace!
The gnoll hits you from afar with a +0 spear!
The gnoll hits you with a +0 whip. The gnoll hits you with a +0 flail!
3583 ||| READING 2 scrolls of teleportation.
As you read the scroll of teleportation, it crumbles to dust.
You feel strangely unstable.
The gnoll bouda hits you but does no damage.
The gnoll barely misses you. The gnoll hits you with a +0 flail!
The gnoll closely misses you. The gnoll barely misses you.
You furiously retaliate!
You headbutt the gnoll!
You kill the gnoll!
Okawaru accepts your kill.
3584 ||| DRINKING potion of heal wounds.
You feel much better.
The gnoll hits you from afar with a +0 spear.
The gnoll misses you. x2
You shoot a sling bullet. The sling bullet hits the gnoll bouda.
The gnoll bouda is heavily wounded.
The gnoll hits you but does no damage. The gnoll barely misses you. x3
You shoot a sling bullet. The sling bullet hits the gnoll bouda.
You drain the gnoll bouda.
The gnoll bouda is severely wounded.
The gnoll hits you with a +0 whip.
The gnoll bouda hits you but does no damage.
The iguana bites you! The gnoll closely misses you.
The gnoll hits you from afar with a +0 spear.
The gnoll hits you with a +0 flail.
You shoot a sling bullet. The sling bullet hits the gnoll bouda.
You drain the gnoll bouda.
You kill the gnoll bouda!
Okawaru accepts your kill. The gnoll hits you with a +0 whip.
The iguana hisses menacingly.
The iguana bites you.
You die...

.. #.... #.
#.... #.
#.#.# #.
#.#.# .# #.
#.#.# ..." #.
#>#.#
.....#g##.#>#
#.gg@...<#
#..l)..###
#.gs####
$...## #.#. #
#


You could see a scorpion, an iguana and 4 gnolls.

Vanquished Creatures
  Grinder (D:3)
  Sigmund (D:5)
  2 black bears
  A sky beast (D:5)
  A bullfrog (D:4)
  2 scorpions (D:5)
  A hound (D:5)
  2 orc priests (D:4)
  A gnoll bouda (D:6)
  Ijyb (D:5)
  A sleepcap (D:5)
  Natasha (thrice) (D:2)
  An iguana (D:4)
  2 orc wizards
  A gnoll (D:6)
  12 adders
  An ufetubus (D:4)
  3 dart slugs
  10 orcs
  6 bats
  10 endoplasms
  A giant cockroach (D:4)
  5 goblins
  7 hobgoblins
  11 jackals
  4 quokkas
  2 ball pythons
  3 frilled lizards
  5 kobolds
  2 rats
103 creatures vanquished.

Notes
Turn   | Place    | Note
-------+----------+-------------------------------------------
     0 | D:1      | qw the Minotaur Hexslinger began the quest for the Orb.
     0 | D:1      | Reached XP level 1. HP: 16/16 MP: 1/1
     0 | D:1      | 0 ||| qw: Version: 0.3-a-24-ga2abf7b
     0 | D:1      | 0 ||| qw: Game counter: 6776
     0 | D:1      | 0 ||| qw: Melee chars always use a shield: true
     0 | D:1      | 0 ||| qw: God list: Okawaru
     0 | D:1      | 0 ||| qw: Allow faded altars: false
     0 | D:1      | 0 ||| qw: Do Orc after clearing Dungeon:15 true
     0 | D:1      | 0 ||| qw: Do second Lair branch before Depths: true
     0 | D:1      | 0 ||| qw: Lair rune preference: random
     0 | D:1      | 0 ||| qw: Goals: Normal
     0 | D:1      | 0 ||| PLANNING D:1-11
   100 | D:1      | Reached skill level 3 in Ranged Weapons
   102 | D:1      | Reached XP level 2. HP: 23/23 MP: 2/2
   234 | D:1      | Found a faded altar of an unknown god.
   693 | D:1      | 693 ||| UPGRADING to +0 ring mail.
   703 | D:1      | 703 ||| DROPPING +0 robe.
   704 | D:1      | 704 ||| UPGRADING to +0 cloak.
   709 | D:1      | 709 ||| UPGRADING to +0 pair of gloves.
   714 | D:1      | 714 ||| READING scroll labelled QIXYGHOUTZ.
   715 | D:1      | 715 ||| READING scroll labelled NEKKODUETY.
   716 | D:1      | 716 ||| READING scroll labelled WITSOKHLAELO.
   720 | D:1      | 720 ||| READING scroll labelled SEHUFUADOF.
   721 | D:1      | 721 ||| DROPPING scroll of poison.
   794 | D:2      | Reached skill level 1 in Armour
   840 | D:2      | Reached XP level 3. HP: 29/29 MP: 3/3
   923 | D:2      | Noticed Natasha
   926 | D:2      | Killed Natasha
   927 | D:2      | Reached skill level 4 in Ranged Weapons
   982 | D:2      | Reached XP level 4. HP: 36/36 MP: 4/4
  1078 | D:2      | Noticed Natasha
  1090 | D:2      | Killed Natasha
  1099 | D:2      | Noticed Natasha
  1100 | D:2      | 1100 ||| FLEEEEING.
  1162 | D:2      | Killed Natasha
  1163 | D:2      | Reached skill level 5 in Ranged Weapons
  1490 | D:2      | Reached XP level 5. HP: 42/42 MP: 5/5
  1555 | D:2      | 1555 ||| UPGRADING to amulet of faith.
  1560 | D:2      | 1560 ||| READING scroll labelled ULEYPLUCHU.
  1661 | D:2      | 1661 ||| READING scroll labelled KONEHA JICLEJ.
  1662 | D:2      | 1662 ||| READING scroll labelled BAORHI OPLIJE.
  1663 | D:2      | 1663 ||| DRINKING 2 blue potions.
  1682 | D:3      | Found a white marble altar of Elyvilon.
  1709 | D:3      | Reached skill level 3 in Fighting
  1720 | D:3      | Found a sacrificial altar of Ru.
  1826 | D:3      | Found an ancient bone altar of Kikubaaqudgha.
  1903 | D:3      | 1903 ||| Stepping ~*~*~tactically~*~*~ (outnumbered).
  1909 | D:3      | Found a bloodstained altar of Trog.
  2015 | D:3      | Found a stormy altar of Qazlal.
  2131 | D:3      | Found a glowing golden altar of the Shining One.
  2331 | D:3      | Found a sparkling altar of Nemelex Xobeh.
  2378 | D:3      | Noticed Grinder
  2378 | D:3      | Paralysed by Grinder for 4 turns
  2393 | D:3      | Killed Grinder
  2394 | D:3      | Reached skill level 6 in Ranged Weapons
  2394 | D:3      | Reached XP level 6. HP: 51/51 MP: 6/6
  2404 | D:3      | Found a runed translucent door.
  2405 | D:3      | Noticed Crazy Yiuf
  2408 | D:3      | 2408 ||| READING scroll labelled SEUFIEK TUITE.
  2455 | D:4      | 2455 ||| STAIRDANCE
  2472 | D:3      | Reached skill level 7 in Ranged Weapons
  2564 | D:4      | Found a basalt altar of Yredelemnul.
  2604 | D:4      | Found a broken altar of Ashenzari.
  2659 | D:4      | Reached XP level 7. HP: 60/60 MP: 7/7
  2691 | D:4      | 2691 ||| FLEEEEING.
  2695 | D:4      | 2695 ||| FLEEEEING.
  2696 | D:4      | 2696 ||| FLEEEEING.
  2697 | D:4      | 2697 ||| FLEEEEING.
  2698 | D:4      | 2698 ||| FLEEEEING.
  2976 | D:4      | Found a blossoming altar of Fedhas.
  3015 | D:5      | Entered Level 5 of the Dungeon
  3057 | D:5      | Reached skill level 8 in Ranged Weapons
  3159 | D:5      | 3159 ||| READING scroll labelled JITUPP ZATYCWED.
  3160 | D:5      | 3160 ||| READING 7 scrolls of identify.
  3160 | D:5      | 3160 ||| IDENTIFYING sapphire potion
  3161 | D:5      | 3161 ||| READING 6 scrolls of identify.
  3161 | D:5      | 3161 ||| IDENTIFYING fizzy cyan potion
  3162 | D:5      | 3162 ||| READING 5 scrolls of identify.
  3162 | D:5      | 3162 ||| IDENTIFYING clear potion
  3168 | D:5      | Reached XP level 8. HP: 68/68 MP: 8/8
  3168 | D:5      | 3168 ||| READING 4 scrolls of identify.
  3168 | D:5      | 3168 ||| IDENTIFYING sedimented emerald potion
  3177 | D:5      | Reached skill level 9 in Ranged Weapons
  3179 | D:5      | 3179 ||| READING 3 scrolls of identify.
  3179 | D:5      | 3179 ||| IDENTIFYING cyan potion
  3180 | D:5      | 3180 ||| READING 2 scrolls of identify.
  3180 | D:5      | 3180 ||| IDENTIFYING smoky cyan potion
  3181 | D:5      | 3181 ||| DROPPING potion of brilliance.
  3182 | D:5      | 3182 ||| DROPPING potion of degeneration.
  3190 | D:5      | 3190 ||| STAIRDANCE
  3194 | D:5      | Noticed Ijyb
  3205 | D:5      | Killed Ijyb
  3399 | D:5      | Found a staircase to the Ecumenical Temple.
  3400 | D:5      | 3400 ||| PLANNING TEMPLE
  3400 | D:5      | 3400 ||| UPGRADING to +0 leather armour of fire resistance.
  3418 | Temple   | Entered the Ecumenical Temple
  3419 | Temple   | 3419 ||| PLANNING OKAWARU WORSHIP
  3423 | Temple   | Became a worshipper of Warmaster Okawaru
  3424 | Temple   | 3424 ||| PLANNING D:1-11
  3479 | D:5      | Noticed Sigmund
  3490 | D:5      | Killed Sigmund
  3491 | D:5      | Reached skill level 3 in Dodging
  3582 | D:6      | HP: 16/70 [gnoll/+0 flail[a gnoll bouda] (9)]
  3583 | D:6      | 3583 ||| READING 2 scrolls of teleportation.
  3583 | D:6      | HP: 7/70 [gnoll/+0 flail[a gnoll bouda] (9)]
  3584 | D:6      | 3584 ||| DRINKING potion of heal wounds.
  3587 | D:6      | HP: 1/70 [gnoll/+0 whip[a gnoll bouda] (5)]
  3587 | D:6      | Slain by an iguana

Levels and vault maps discovered:
D:1:      ncdulo_smallfort, layout_loops_cross,
          ebering_ecumenical_altar_abandoned
D:2:      layout_basic, minmay_tromino_v4_c, uniq_natasha
D:3:      layout_basic, mainiacjoe_overflow_alcove_2,
          nemelex_spade_bored_becter, elyvilon_altar_5,
          nicolae_qazlal_scattered_showers, old_standard_altar,
          mainiacjoe_overflow_paths, amcnicky_altar_gilded, nicolae_titane,
          uniq_crazy_yiuf_cottage, uniq_grinder
D:4:      layout_rooms, nicolae_overflow_hidden_temple,
          mainiacjoe_overflow_cross_hatched, ashenzari_conservatory_becter
D:5:      layout_cave_pools, minmay_temple_entry_mini_moons, uniq_ijyb,
          uniq_sigmund
D:6:      layout_loops_ring, nicolae_gozag_seed_capital
Temple:   hellmonk_temple_micro_hex

Skill      XL: |  1  2  3  4  5  6  7  8 |
---------------+-------------------------+-----
Ranged Weapons | 3 4 5 6 7 8 9 |  9.0
Fighting       | 2 3 4 5 |  5.9
Armour         | 1 2 |  2.4
Dodging        | 3 |  3.9
Spellcasting   | |  1.0
Hexes          | |  2.0

Action                     |  1- 3 |  4- 6 |  7- 9 || total
---------------------------+-------+-------+-------++-------
   Fire: Sling             |    86 |   140 |   183 ||   409
    Use: Scroll            |     4 |     4 |     8 ||    16
         Potion            |       |     1 |     1 ||     2
 Armour: Robe              |     3 |       |       ||     3
         Ring mail         |     6 |    55 |    23 ||    84
         Leather armour    |       |       |     4 ||     4
  Dodge: Dodged            |    21 |    78 |    50 ||   149

Table legend:
 A = Non-vault XP
 B = Vault XP
 C = Vault XP percentage of total XP
 D = Non-vault monster count
 E = Vault monster count
 F = Vault count percentage of total count
                 A         B        C        D         E       F
            +---------+---------+-------+---------+---------+-------
      Total |    1353 |     558 |  29.2 |      97 |       6 |   5.8
            +---------+---------+-------+---------+---------+-------
        D:1 |      32 |       0 |   0.0 |      18 |       0 |   0.0
        D:2 |     138 |      39 |  22.0 |      20 |       3 |  13.0
        D:3 |      86 |     258 |  75.0 |      14 |       1 |   6.7
        D:4 |     467 |       0 |   0.0 |      28 |       0 |   0.0
        D:5 |     575 |     261 |  31.2 |      15 |       2 |  11.8
        D:6 |      55 |       0 |   0.0 |       2 |       0 |   0.0
            +---------+---------+-------+---------+---------+-------
